 Dungeon Crawl Stone Soup version 0.30.0-20-g3615ddf2f0 (webtiles) character file.

Game seed: 1432419931821720413

53 qw the Chopper (level 3, -8/23 HPs)
             Began as a Gargoyle Fighter on June 2, 2023.
             Mangled by an ogre
             ... wielding a +0 giant spiked club
              (30 damage)
             ... on level 3 of the Dungeon.
             The game lasted 00:00:47 (1241 turns).

qw the Chopper (Gargoyle Fighter)                   Turns: 1241, Time: 00:00:47

Health: -8/23      AC: 12    Str: 21    XL:     3   Next: 87%
Magic:  3/3        EV:  9    Int:  8    God:
Gold:   1081       SH:  4    Dex:  9    Spells: 2/2 levels left

rFire   . . .        Y - +1 war axe
rCold   + . .        c - +0 buckler
rNeg    + . .        b - +0 scale mail
rPois   inf          (no helmet)
rElec   +            (no cloak)
rCorr   .            g - +0 pair of gloves
SInv    .            l - +0 pair of boots
Will    .....        (no amulet) Stlth
                     j - ring of protection from cold
HPRegen 0.23/turn    (no ring)
MPRegen 0.08/turn

%: no passive effects
@: no status effects
A: sickness immunity, AC +3, negative energy resistance 1, electricity
resistance, torment resistance 1, petrification resistance
a: no special abilities


You were on level 3 of the Dungeon.
You visited 1 branch of the dungeon, and saw 3 of its levels.

You collected 1081 gold pieces.


Innate Abilities, Weirdness & Mutations

You are immune to sickness and miasma.
Your stone body is resilient. (AC +3)
You are immune to poison.
You resist negative energy. (rN+)
You are resistant to electric shocks. (rElec)
You are resistant to unholy torment.
You are immune to petrification.


   Skills:
 - Level 3.2 Fighting
 + Level 3.7 Axes
 - Level 3.2 Armour
 - Level 3.2 Shields


You had 2 spell levels left.
You didn't know any spells.
Your spell library was empty.

Inventory:

Hand Weapons
 h - a +0 club
 Y - a +1 war axe (weapon)
Armour
 b - a +0 scale mail (worn)
 c - a +0 buckler (worn)
 g - a +0 pair of gloves (worn)
 l - a +0 pair of boots (worn)
Jewellery
 j - a ring of protection from cold (left hand)
Potions
 d - a potion of might
 e - a potion of degeneration {unknown}
 i - a potion of heal wounds {unknown}
 o - a potion of lignification {unknown}

Dungeon Overview and Level Annotations

Branches:
Dungeon (3/15)

Altars:


Message History

1216 ||| READING scroll labelled AKIFEIMN BORE.
This is a scroll of acquirement!
1216 ||| ACQUIRING 991 gold pieces Something appears at your feet!
You now have 1081 gold pieces (gained 991).
Done exploring.
1218 ||| READING scroll labelled ENLUOPU NIEZXI.
As you read the scroll labelled ENLUOPU NIEZXI, it crumbles to dust.
It is a scroll of enchant weapon.
Your +0 war axe glows red for a moment.
Done exploring.
1219 ||| READING scroll labelled PUOFOOCIUQ.
As you read the scroll labelled PUOFOOCIUQ, it crumbles to dust.
The scroll dissolves into smoke.
It was a scroll of fog.
Done exploring.
(D) Dungeon
Where to? (* - list waypoints, Enter - D:2, ? - help)
What level of the Dungeon? (default 1, ? - help)
There is a stone staircase leading down here.
You climb downwards.
Found 3 atropa-tipped darts and 2 stones.
Found a stone staircase leading down.
There is a stone staircase leading up here.
Waypoint 2 assigned to D:3.
Found a scroll of poison.
An ogre comes into view. It is wielding a +0 giant spiked club.
The ogre shouts!
You hear an angry hiss.
A ball python comes into view.
The ogre moves out of view.
Things that are here:
2 stones; a golden potion You closely miss the ball python.
The ball python misses you. The ball python grabs you.
The ball python constricts you. The ball python barely misses you.
The ball python constricts you.
You slash the ball python!
You kill the ball python!
You slash the ogre!
The ogre hits you with a +0 giant spiked club!!
Ouch! That really hurt!
You die...

###..## ## #.
.....##.#
.#.##
#......#
.....#
#.....# .
.... #.#.>#
.. ... #.#<#
..#.##.##...#
..........(##
.......@.#.#
.....#O#.#.#
.... #.#.#.#
. #......
###.#.# ..#.#
?##.. . ##


You could see an ogre.

Vanquished Creatures
  An adder (D:2)
  A worm (D:2)
  2 dart slugs (D:1)
  2 bats
  3 endoplasms (D:1)
  2 giant cockroaches (D:1)
  2 goblins (D:1)
  6 hobgoblins (D:1)
  2 kobolds (D:1)
  4 quokkas (D:1)
  6 ball pythons
  3 frilled lizards
  2 rats
36 creatures vanquished.

Notes
Turn   | Place    | Note
-------+----------+-------------------------------------------
     0 | D:1      | qw the Gargoyle Fighter began the quest for the Orb.
     0 | D:1      | Reached XP level 1. HP: 14/14 MP: 1/1
     0 | D:1      | 0 ||| qw: Version: 0.2-a-102-gdf20003
     0 | D:1      | 0 ||| qw: Game counter: 778
     0 | D:1      | 0 ||| qw: Always use a shield: true
     0 | D:1      | 0 ||| qw: God list: Okawaru
     0 | D:1      | 0 ||| qw: Allow faded altars: false
     0 | D:1      | 0 ||| qw: Do Orc after D:15 true
     0 | D:1      | 0 ||| qw: Do second Lair branch before Depths: true
     0 | D:1      | 0 ||| qw: Lair rune preference: random
     0 | D:1      | 0 ||| qw: Plans: Normal, Zot:1-4, Slime:5, God:TSO, Crypt,
                  | Tomb, Pan, Hells, Abyss, Win
     0 | D:1      | 0 ||| PLANNING D:1-11
   170 | D:1      | Reached XP level 2. HP: 19/19 MP: 2/2
   212 | D:1      | Found a faded altar of an unknown god.
   226 | D:1      | 226 ||| Stepping ~*~*~tactically~*~*~ (hiding).
   393 | D:1      | Reached skill level 3 in Axes
   393 | D:1      | 393 ||| Stepping ~*~*~tactically~*~*~ (stealth).
   394 | D:1      | 394 ||| Stepping ~*~*~tactically~*~*~ (stealth).
   428 | D:1      | Reached XP level 3. HP: 23/23 MP: 3/3
   691 | D:1      | 691 ||| UPGRADING to +0 pair of gloves.
   696 | D:1      | 696 ||| UPGRADING to +0 pair of boots.
   701 | D:1      | 701 ||| READING scroll labelled CUNYNY VEOD.
   702 | D:1      | 702 ||| READING scroll labelled NAEKHIO KIESH.
   703 | D:1      | 703 ||| READING scroll labelled UQIPRIQ ROJAGU.
   704 | D:1      | 704 ||| READING scroll labelled PANEIXK CUJYASKAN.
   707 | D:1      | 707 ||| READING scroll labelled VIUSASM PAPOWN.
   708 | D:1      | 708 ||| READING scroll labelled MEEVY CELAUS.
  1214 | D:2      | 1214 ||| UPGRADING to ring of protection from cold.
  1215 | D:2      | 1215 ||| READING scroll labelled XOC WAMEUH.
  1216 | D:2      | 1216 ||| READING scroll labelled AKIFEIMN BORE.
  1216 | D:2      | Identified a scroll of acquirement
  1216 | D:2      | 1216 ||| ACQUIRING 991 gold pieces
  1216 | D:2      | Acquired 991 gold pieces
  1218 | D:2      | 1218 ||| READING scroll labelled ENLUOPU NIEZXI.
  1219 | D:2      | 1219 ||| READING scroll labelled PUOFOOCIUQ.
  1234 | D:3      | Noticed an ogre
  1241 | D:3      | Mangled by an ogre

Levels and vault maps discovered:
D:1:      matt_arrival_diagonals, layout_basic, basic_ecumenical_altar
D:2:      layout_basic
D:3:      layout_loops_cross, serial_shops, nicolae_shop_drivethru,
          solitary_fountain, uniq_sigmund

Skill      XL: |  1  2 |
---------------+-------+-----
Axes           | 2 3 |  3.7
Fighting       | |  3.2
Armour         | |  3.2
Shields        | |  3.2

Action                     || total
---------------------------++-------
  Melee: War axe           ||   104
    Use: Scroll            ||    10
 Armour: Scale mail        ||    41
  Dodge: Dodged            ||    49
  Block: Buckler           ||    20

Table legend:
 A = Non-vault XP
 B = Vault XP
 C = Vault XP percentage of total XP
 D = Non-vault monster count
 E = Vault monster count
 F = Vault count percentage of total count
                 A         B        C        D         E       F
            +---------+---------+-------+---------+---------+-------
      Total |      78 |       0 |   0.0 |      36 |       0 |   0.0
            +---------+---------+-------+---------+---------+-------
        D:1 |      55 |       0 |   0.0 |      30 |       0 |   0.0
        D:2 |      21 |       0 |   0.0 |       5 |       0 |   0.0
        D:3 |       2 |       0 |   0.0 |       1 |       0 |   0.0
            +---------+---------+-------+---------+---------+-------
